 Dungeon Crawl Stone Soup version 0.29.1-15-g9cfb28693d (webtiles) character file.

Game seed: 8428928677096416349

436 GigaChad the Trooper (level 6, -9/57 HPs)
             Began as a Minotaur Fighter on Mar 10, 2023.
             Killed by divine providence
             ... invoked by an orc priest
              (15 damage)
             ... on level 5 of the Dungeon.
             The game lasted 00:04:14 (2750 turns).

GigaChad the Trooper (Minotaur Fighter)             Turns: 2750, Time: 00:04:16

Health: -9/57      AC:  7    Str: 23    XL:     6   Next: 68%
Magic:  5/5        EV:  9    Int:  5    God:
Gold:   136        SH:  4    Dex:  9    Spells: 5/5 levels left

rFire   . . .      SeeInvis .   a - +0 war axe
rCold   . . .      Faith    .   c - +0 buckler
rNeg    . . .      Spirit   .   b - +0 scale mail
rPois   .          Reflect  .   (helmet restricted)
rElec   .          Harm     .   (no cloak)
rCorr   .          Rampage  .   (no gloves)
Will    .....                   (no boots)
Stlth   ..........              (no amulet)
HPRegen 0.19/turn               p - ring of flight
MPRegen 0.09/turn               (no ring)

@: flying
A: horns 2, retaliatory headbutt
a: no special abilities


You were on level 5 of the Dungeon.
You visited 1 branch of the dungeon, and saw 5 of its levels.

You collected 136 gold pieces.

Inventory:

Hand Weapons
 a - a +0 war axe (weapon)
 o - the +8 sling of the Lamprey {vorpal, rPois Will+ Dex+7}
   (You found it on level 3 of the Dungeon)

   Any ammunition fired from it inflicts extra damage upon your enemies.
   Dex:       It affects your dexterity (+7).
   rPois:     It protects you from poison.
   Will:      It increases your willpower.
Armour
 b - a +0 scale mail (worn)
 c - a +0 buckler (worn)
Jewellery
 p - a ring of flight (left hand)
Wands
 k - a wand of polymorph (6)
Scrolls
 e - 4 scrolls of identify {unknown}
 j - 2 scrolls of amnesia {unknown}
 l - 2 scrolls of teleportation {unknown}
 m - a scroll of poison {unknown}
 q - 2 scrolls of immolation {unknown}
 r - a scroll of noise {unknown}
 u - a scroll of butterflies {unknown}
Potions
 d - 2 potions of might
 f - 2 potions of lignification {unknown}
 g - 8 potions of curing {unknown}
 h - 3 potions of mutation {unknown}
 i - a potion of flight {unknown}
 n - a potion of heal wounds {unknown}
 s - a potion of invisibility {unknown}
 t - a potion of haste {unknown}


   Skills:
 * Level 5.8 Fighting
 + Level 5.4 Axes
 + Level 4.7 Armour
 + Level 1.3 Dodging
 + Level 0.2 Stealth
 * Level 4.9 Shields


You had 5 spell levels left.
You didn't know any spells.
Your spell library contained the following spells:

 Spells                   Type           Power      Damage    Failure   Level
 Sandblast                Erth           0%         2d4       86%         1
 Slow                     Hex            0%         N/A       86%         1
 Passwall                 Tmut/Erth      0%         N/A       94%         2
 Static Discharge         Conj/Air       0%         3-3/arc   94%         2
 Confusing Touch          Hex            0%         N/A       99%         3
 Gell's Gravitas          Tloc           0%         N/A       99%         3
 Lesser Beckoning         Tloc           0%         N/A       99%         3
 Ozocubu's Armour         Ice            0%         N/A       99%         3
 Stone Arrow              Conj/Erth      0%         3d7       99%         3
 Teleport Other           Tloc           0%         N/A       99%         3
 Vampiric Draining        Necr           0%         2d6       99%         3
 Dispel Undead            Necr           0%         3d6       100%        4
 Sticky Flame             Conj/Fire      0%         2d3       100%        4
 Metabolic Englaciation   Hex/Ice        0%         N/A       100%        5
 Dispersal                Tloc           0%         N/A       100%        6
 Simulacrum               Ice/Necr       0%         N/A       100%        6
 Ozocubu's Refrigeration  Ice            0%         4d7       100%        7
 Disjunction              Tloc           0%         N/A       100%        8


Dungeon Overview and Level Annotations

Branches:
Dungeon (5/15)
 Temple: D:4-7

Altars:
Xom


Innate Abilities, Weirdness & Mutations

You have a pair of horns on your head.
You reflexively headbutt those who attack you in melee.


Message History

The gnoll barely misses you. The gnoll completely misses you.
You are too injured to fight recklessly!
You are too injured to fight recklessly!
You are too injured to fight recklessly!
Unknown command.
You are too injured to fight recklessly!
Unknown command.
You are too injured to fight recklessly!
The white imp attacks as you move away!
The white imp hits you but does no damage.
The adder bites you. The gnoll closely misses you.
The gnoll hits you from afar with a +0 spear.
The adder bites you but does no damage.
You hit the adder. You headbutt the adder.
The adder is almost dead.
You completely miss the white imp. You hit the orc priest.
The adder barely misses you. The gnoll barely misses you.
The gnoll hits you from afar with a +0 spear.
* * * LOW HITPOINT WARNING * * *
The orc priest hits you but does no damage.
The white imp hits you.
* * * LOW HITPOINT WARNING * * *
The white imp freezes you.
* * * LOW HITPOINT WARNING * * *
You slash the adder!
You kill the adder!
You hit the white imp. You hit the orc priest.
The white imp hits you but does no damage.
You block the gnoll's attack.
The gnoll hits you from afar with a +0 spear.
* * * LOW HITPOINT WARNING * * *
The orc priest hits you with a +0 dagger.
* * * LOW HITPOINT WARNING * * *
The white imp hits you but does no damage.
The gnoll barely misses you.
The gnoll hits you from afar with a +0 spear.
* * * LOW HITPOINT WARNING * * *
The orc priest calls down the wrath of Beogh upon you.
Beogh smites you!
You die...

## ... # #. ...
.. #.#### ....
...#..... .....
##......###.....
......gg........
##...)5)......
#....@.o....#.
#..##..[.#..# #.
.........#
###....#....
#.........
#.####.##. #.#
.# #.# #


You could see an orc priest, 2 gnolls and a white imp.

Vanquished Creatures
  A phantom (D:4)
  A necrophage (D:4)
  An orc priest (D:5)
  A hound (D:4)
  An iguana (D:3)
  Jessica (D:3)
  Natasha (twice) (D:4)
  4 adders
  2 gnolls (D:4)
  3 orcs
  6 endoplasms
  A giant cockroach (D:4)
  5 goblins
  14 hobgoblins
  8 jackals
  11 kobolds
  4 quokkas
  4 ball pythons
  4 bats
  5 frilled lizards
  6 rats
85 creatures vanquished.

Notes
Turn   | Place    | Note
-------+----------+-------------------------------------------
     0 | D:1      | GigaChad the Minotaur Fighter began the quest for the Orb.
     0 | D:1      | Reached XP level 1. HP: 19/19 MP: 0/0
    47 | D:1      | Reached XP level 2. HP: 25/27 MP: 1/1
   292 | D:1      | Found a faded altar of an unknown god.
   297 | D:1      | Reached XP level 3. HP: 27/33 MP: 2/2
  1228 | D:2      | Reached XP level 4. HP: 37/40 MP: 3/3
  1508 | D:3      | Noticed Jessica
  1524 | D:3      | Killed Jessica
  1594 | D:3      | Identified the +8 sling of the Lamprey {vorpal, rPois Will+
                  | Dex+7}
  1728 | D:3      | Reached XP level 5. HP: 47/47 MP: 4/4
  2059 | D:4      | Noticed a phantom
  2062 | D:4      | Killed a phantom
  2063 | D:4      | Reached skill level 5 in Fighting
  2063 | D:4      | Reached skill level 5 in Axes
  2063 | D:4      | Reached skill level 1 in Dodging
  2063 | D:4      | Reached XP level 6. HP: 49/56 MP: 5/5
  2232 | D:4      | Found a shimmering altar of Xom.
  2430 | D:4      | Noticed Natasha
  2434 | D:4      | Killed Natasha
  2535 | D:4      | Noticed Natasha
  2539 | D:4      | Killed Natasha
  2716 | D:5      | Entered Level 5 of the Dungeon
  2750 | D:5      | Killed from afar by an orc priest

Illustrated notes

Levels and vault maps discovered:
D:1:      giann_horns, layout_basic, hellmonk_ecumenical_altar_lost_god
D:2:      layout_basic
D:3:      layout_basic, kennysheep_decorative_pillar, uniq_jessica
D:4:      layout_basic, mainiacjoe_overflow_boulevard, uniq_natasha
D:5:      layout_basic, mainiacjoe_overflow_paths, st_stairs_1,
          grunt_decor_resistance

Skill      XL: |  1  2  3  4  5 |
---------------+----------------+-----
Shields        | 4 |  4.9
Fighting       | 4 5 |  5.8
Armour         | 4 |  4.7
Axes           | 3 4 5 |  5.4
Dodging        | 1 |  1.3
Stealth        | |  0.2

Action                   |  1- 3 |  4- 6 || total
-------------------------+-------+-------++-------
Melee: War axe           |    88 |    82 ||   170
       Headbutt          |     7 |    14 ||    21
Armor: Scale mail        |    41 |    50 ||    91
Dodge: Dodged            |    57 |    60 ||   117
Block: Buckler           |    19 |    20 ||    39
